 Dungeon Crawl Stone Soup version 0.29.0-4-gdea44cf6ec (webtiles) character file.

Game seed: 10597167633808077929

951 qw the Chopper (level 8, -4/51 HPs)
             Began as a Tengu Warper on Aug 28, 2022.
             Was an Initiate of Okawaru.
             Slain by an iguana (9 damage)
             ... on level 5 of the Dungeon.
             The game lasted 00:00:27 (5370 turns).

qw the Chopper (Tengu Warper)                       Turns: 5370, Time: 00:00:27

Health: -4/51      AC: 10    Str: 13    XL:     8   Next: 13%
Magic:  12/12      EV:  7    Int: 13    God:    Okawaru [......]
Gold:   241        SH:  0    Dex: 15    Spells: 11/11 levels left

rFire   . . .      SeeInvis .   Y - +1 war axe
rCold   . . .      Faith    .   (no shield)
rNeg    . . .      Spirit   .   f - +0 chain mail
rPois   .          Reflect  .   (helmet restricted)
rElec   +          Harm     .   (no cloak)
rCorr   .          Rampage  .   q - +0 pair of gloves
Will    .....                   (boots unavailable)
Stlth   ..........              d - amulet of the acrobat
HPRegen 0.17/turn               (no ring)
MPRegen 0.13/turn               (no ring)

@: flying quickly and evasively, quick
A: beak, talons 3, nimble flight, electricity resistance, MP-powered wands
a: Renounce Religion


You were on level 5 of the Dungeon.
You worshipped Okawaru.
Okawaru was noncommittal.
You visited 2 branches of the dungeon, and saw 6 of its levels.

You collected 241 gold pieces.


Innate Abilities, Weirdness & Mutations

You have a beak for a mouth.
You have claws for feet.
Your magical nature lets you fly swiftly and evasively.
You are resistant to electric shocks. (rElec)
You expend magic power (3 MP) to strengthen your wands.


   Skills:
 - Level 5.8 Fighting
 + Level 7.8 Axes
 - Level 1.0 Throwing
 - Level 2.4 Armour
 - Level 2.1 Dodging
 - Level 2.0 Spellcasting
 - Level 2.4 Translocations


You had 11 spell levels left.
You didn't know any spells.
Your spell library contained the following spells:

 Spells                   Type           Power      Damage    Failure   Level
 Blink                    Tloc           14%        N/A       99%         2
 Gell's Gravitas          Tloc           7%         N/A       100%        3
 Lesser Beckoning         Tloc           7%         N/A       100%        3
 Teleport Other           Tloc           7%         N/A       100%        3
 Manifold Assault         Tloc           7%         N/A       100%        5

Inventory:

Hand Weapons
 a - a +1 whip of freezing
 Y - a +1 war axe (weapon)
Missiles
 k - 5 javelins (quivered)
 m - 5 boomerangs
Armour
 b - a +0 cloak
 f - a +0 chain mail (worn)
 q - a +0 pair of gloves (worn)
Jewellery
 d - an amulet of the acrobat (around neck)
 j - the amulet "Jageixupso" {+Blink rC+ Regen+ Int+4}
   (You found it on level 5 of the Dungeon)

   [amulet of regeneration]

   Int:       It affects your intelligence (+4).
   rC:        It protects you from cold.
   +Blink:    It lets you blink.
   Regen:     It increases your rate of health regeneration.
 n - an amulet of regeneration
Scrolls
 i - 4 scrolls of identify
Potions
 c - a potion of mutation
 e - 3 potions of haste
 g - 2 potions of heal wounds
 h - 6 potions of curing

Dungeon Overview and Level Annotations

Branches:
Dungeon (5/15)             Temple (1/1) D:5

Altars:
Ashenzari
Cheibriados
Dithmenos
Fedhas
Gozag
Makhleb
Nemelex Xobeh
Okawaru
Ru
Sif Muna
Trog
Uskayaw
Vehumet
Wu Jian
Xom
Zin
The Shining One


Message History

The iguana barely misses you. The iguana bites you!
You hit the iguana. Your peck misses the iguana.
The iguana is severely wounded.
You hit the iguana but do no damage.
The iguana bites you but does no damage.
The iguana bites you.
You barely miss the iguana. Your kick misses the iguana.
You peck the iguana, but do no damage.
The iguana is severely wounded.
You hit the iguana.
The iguana bites you but does no damage.
The iguana barely misses you.
You hit the iguana but do no damage. Your kick misses the iguana.
Your peck misses the iguana.
The iguana is severely wounded.
You hit the iguana but do no damage. The iguana barely misses you.
The iguana closely misses you.
You hit the iguana but do no damage. You claw the iguana, but do no damage.
You peck the iguana, but do no damage.
The iguana is severely wounded.
You hit the iguana.
The iguana bites you but does no damage. x2
You barely miss the iguana.
The iguana is severely wounded.
You hit the iguana.
The iguana bites you but does no damage.
The iguana bites you.
You hit the iguana but do no damage. You claw the iguana, but do no damage.
The iguana is almost dead.
You hit the iguana but do no damage. The iguana barely misses you.
The iguana closely misses you.
You closely miss the iguana. Your peck misses the iguana.
The iguana is almost dead.
You hit the iguana but do no damage. The iguana bites you.
The iguana barely misses you.
You closely miss the iguana.
The iguana is almost dead.
You barely miss the iguana. The iguana bites you.
The iguana closely misses you. The iguana bites you! x2
You die...

##......##
##......##
##......##
##......## #
##...(..## #
##......## #
#......### #
#'#......#
#@###......# #
#ll.###......# #
##w...###......#+#
.#....###......#
##.##.. ##..... #
# ###..# #### ....
.....


You could see 2 iguanas and a dart slug.

Vanquished Creatures
  Pikel (D:4)
  Eustachio (D:5)
  A phantom (D:4)
  2 lemures (D:4)
  2 howler monkeys (D:4)
  A jelly (D:4)
  A hound (D:4)
  5 adders
  A shadow imp (D:5)
  A white imp (D:5)
  2 ufetubi
  4 dart slugs
  4 orcs
  5 endoplasms
  2 giant cockroaches
  6 hobgoblins
  2 jackals (D:3)
  3 quokkas
  6 ball pythons
  4 bats
  4 frilled lizards
  7 goblins
  5 kobolds
  3 rats (D:1)
73 creatures vanquished.

Notes
Turn   | Place    | Note
-------+----------+-------------------------------------------
     0 | D:1      | qw the Tengu Warper began the quest for the Orb.
     0 | D:1      | Reached XP level 1. HP: 12/12 MP: 4/4
     0 | D:1      | 0 ||| qw: Version: 0.1-a-89-g26bdef1
     0 | D:1      | 0 ||| qw: Game counter: 2251
     0 | D:1      | 0 ||| qw: Always use a shield: true
     0 | D:1      | 0 ||| qw: God list: Okawaru
     0 | D:1      | 0 ||| qw: Allow faded altars: false
     0 | D:1      | 0 ||| qw: Do Orc after D:15 true
     0 | D:1      | 0 ||| qw: Do second Lair branch before Depths: true
     0 | D:1      | 0 ||| qw: Lair rune preference: random
     0 | D:1      | 0 ||| qw: Plans: Normal
     0 | D:1      | 0 ||| PLANNING D:1-11
   145 | D:1      | 145 ||| Stepping ~*~*~tactically~*~*~ (stealth).
   146 | D:1      | 146 ||| Stepping ~*~*~tactically~*~*~ (stealth).
   147 | D:1      | 147 ||| Stepping ~*~*~tactically~*~*~ (stealth).
   153 | D:1      | Reached skill level 3 in Axes
   153 | D:1      | Reached XP level 2. HP: 16/17 MP: 6/6
   830 | D:1      | Found a faded altar of an unknown god.
   835 | D:1      | 835 ||| UPGRADING to amulet of the acrobat.
   840 | D:1      | 840 ||| READING 2 scrolls labelled ZOED SABRA.
   845 | D:1      | 845 ||| READING 3 scrolls labelled EDULLA JIFE.
   846 | D:1      | 846 ||| READING scroll labelled WACIGE ZUFAMEI.
   847 | D:1      | 847 ||| DRINKING 3 white potions.
   848 | D:1      | 848 ||| READING 2 scrolls of identify.
   848 | D:1      | 848 ||| IDENTIFYING fuming orange potion
   849 | D:1      | 849 ||| DROPPING scroll of blinking.
   850 | D:1      | 850 ||| DROPPING potion of degeneration.
  1032 | D:2      | 1032 ||| STAIRDANCE
  1090 | D:1      | 1090 ||| DRINKING 2 sedimented black potions.
  1090 | D:1      | Gained mutation: You expend magic power (3 MP) to
                  | strengthen your wands. [potion of mutation]
  1090 | D:1      | Gained mutation: You are resistant to electric shocks.
                  | (rElec) [potion of mutation]
  1102 | D:2      | Reached XP level 3. HP: 20/21 MP: 7/7
  1200 | D:2      | Reached skill level 4 in Axes
  1836 | D:2      | 1836 ||| UPGRADING to +0 ring mail.
  1846 | D:2      | 1846 ||| DROPPING +0 leather armour.
  1847 | D:2      | 1847 ||| READING scroll labelled EDOCZOESIR.
  1848 | D:2      | 1848 ||| READING 2 scrolls of identify.
  1848 | D:2      | 1848 ||| IDENTIFYING glowing ruby potion
  1849 | D:2      | 1849 ||| DROPPING potion of invisibility.
  1886 | D:3      | 1886 ||| STAIRDANCE
  1946 | D:3      | 1946 ||| DROPPING +0 club.
  2106 | D:3      | Reached XP level 4. HP: 26/26 MP: 8/8
  2108 | D:3      | Found a broken altar of Ashenzari.
  2208 | D:3      | 2208 ||| SWAPPING to +0 war axe.
  2209 | D:3      | 2209 ||| DROPPING +0 hand axe.
  2390 | D:3      | 2390 ||| Stepping ~*~*~tactically~*~*~ (stealth).
  2485 | D:3      | Found a faded altar of an unknown god.
  2502 | D:3      | Found a snail-covered altar of Cheibriados.
  2885 | D:3      | 2885 ||| READING scroll labelled XUYPOUCRYI.
  2886 | D:3      | 2886 ||| DRINKING 2 grey potions.
  2970 | D:3      | 2970 ||| READING 2 scrolls of teleportation.
  2971 | D:3      | 2971 ||| STAIRDANCE
  3027 | D:4      | Noticed a phantom
  3037 | D:4      | Killed a phantom
  3038 | D:4      | Reached skill level 5 in Axes
  3038 | D:4      | Gained mutation: Your magical nature lets you fly swiftly
                  | and evasively. [Tengu growth]
  3038 | D:4      | Reached XP level 5. HP: 25/30 MP: 9/9
  3101 | D:4      | 3101 ||| Stepping ~*~*~tactically~*~*~ (stealth).
  3102 | D:4      | 3102 ||| Stepping ~*~*~tactically~*~*~ (stealth).
  3142 | D:4      | Reached skill level 6 in Axes
  3442 | D:4      | Found a glowing golden altar of the Shining One.
  3620 | D:4      | 3620 ||| Stepping ~*~*~tactically~*~*~ (hiding).
  3623 | D:4      | 3623 ||| Stepping ~*~*~tactically~*~*~ (hiding).
  3849 | D:4      | Reached XP level 6. HP: 32/35 MP: 10/10
  4104 | D:4      | Reached skill level 7 in Axes
  4359 | D:4      | 4359 ||| UPGRADING to +0 chain mail.
  4369 | D:4      | 4369 ||| DROPPING +0 ring mail.
  4370 | D:4      | 4370 ||| UPGRADING to +0 pair of gloves.
  4375 | D:4      | 4375 ||| DROPPING orb of light.
  4376 | D:4      | 4376 ||| READING scroll labelled OCREIR ITOAH.
  4377 | D:4      | 4377 ||| READING scroll labelled QATOUC ZAF.
  4378 | D:4      | 4378 ||| READING 3 scrolls of identify.
  4378 | D:4      | 4378 ||| IDENTIFYING clear potion
  4379 | D:4      | 4379 ||| READING 2 scrolls of identify.
  4379 | D:4      | 4379 ||| IDENTIFYING inky potion
  4380 | D:4      | 4380 ||| DROPPING potion of flight.
  4421 | D:3      | 4421 ||| READING scroll of teleportation.
  4459 | D:5      | Entered Level 5 of the Dungeon
  4462 | D:5      | 4462 ||| STAIRDANCE
  4526 | D:5      | 4526 ||| STAIRDANCE
  4581 | D:5      | 4581 ||| STAIRDANCE
  4640 | D:5      | Noticed Pikel
  4641 | D:5      | 4641 ||| STAIRDANCE
  4676 | D:5      | 4676 ||| STAIRDANCE
  4680 | D:4      | HP: 7/35 [Pikel/+1 whip of freezing (2)]
  4681 | D:4      | 4681 ||| DRINKING potion of heal wounds.
  4690 | D:4      | Killed Pikel
  4691 | D:4      | Reached XP level 7. HP: 31/45 MP: 11/11
  4786 | D:4      | 4786 ||| DROPPING +0 mace.
  4801 | D:5      | Found a staircase to the Ecumenical Temple.
  4802 | D:5      | 4802 ||| PLANNING TEMPLE
  4810 | Temple   | Entered the Ecumenical Temple
  4836 | Temple   | Became a worshipper of Warmaster Okawaru
  4983 | Temple   | 4983 ||| PLANNING D:1-11
  5054 | D:5      | Found a shimmering altar of Xom.
  5070 | D:5      | Found an ornate altar of the Wu Jian Council.
  5128 | D:5      | Noticed Eustachio
  5134 | D:5      | Killed Eustachio
  5135 | D:5      | Reached XP level 8. HP: 51/51 MP: 12/12
  5146 | D:5      | Identified the amulet "Jageixupso" {+Blink rC+ Regen+
                  | Int+4}
  5158 | D:5      | 5158 ||| Stepping ~*~*~tactically~*~*~ (hiding).
  5159 | D:5      | 5159 ||| Stepping ~*~*~tactically~*~*~ (hiding).
  5161 | D:5      | 5161 ||| Stepping ~*~*~tactically~*~*~ (hiding).
  5162 | D:5      | 5162 ||| Stepping ~*~*~tactically~*~*~ (hiding).
  5355 | D:5      | 5355 ||| Stepping ~*~*~tactically~*~*~ (stealth).
  5370 | D:5      | HP: 5/51 [iguana (9)]
  5370 | D:5      | Slain by an iguana

Levels and vault maps discovered:
D:1:      dpeg_arrival_more_subterranean_lakeside_camping, layout_loops_ring,
          dreamdust_ecumenical_altar_hidden_monk_grotto,
          hangedman_abyss_or_decor_lesser_grid, minmay_surrounded
D:2:      layout_loops_ring
D:3:      layout_loops_ring, nicolae_overflow_ecumenical_swirl,
          nicolae_ashenzari_panopticon
D:4:      layout_basic, old_standard_altar, minmay_strange_pillars,
          serial_park_tiny_1
D:5:      minmay_razor_zed, layout_rooms, mainiacjoe_overflow_swirl,
          minmay_temple_entry_sparse_star, amcnicky_mini_pool_small, uniq_pikel,
          uniq_eustachio, uniq_edmund
Temple:   nicolae_temple_slightly_damp_pantheon

Skill      XL: |  1  2  3  4  5  6 |
---------------+-------------------+-----
Axes           | 3 4 5 6 7 |  7.8
Armour         | 2 |  2.4
Fighting       | 5 |  5.8
Throwing       | |  1.0
Dodging        | |  2.1
Spellcasting   | |  2.0
Translocations | |  2.4

Action                   |  1- 3 |  4- 6 |  7- 9 || total
-------------------------+-------+-------+-------++-------
Melee: Hand axe          |    64 |     3 |       ||    67
       Kick              |    17 |    22 |     5 ||    44
       Peck              |     4 |    16 |     4 ||    24
       War axe           |       |    90 |    22 ||   112
       Punch             |       |     2 |       ||     2
Throw: Boomerang         |     7 |     4 |       ||    11
       Javelin           |       |    32 |     2 ||    34
  Use: Scroll            |     6 |     7 |       ||    13
       Potion            |     2 |     2 |       ||     4
Armor: Leather armour    |     8 |       |       ||     8
       Ring mail         |     4 |    30 |       ||    34
       Chain mail        |       |    14 |    13 ||    27
Dodge: Dodged            |    22 |    48 |    10 ||    80

Table legend:
 A = Non-vault XP
 B = Vault XP
 C = Vault XP percentage of total XP
 D = Non-vault monster count
 E = Vault monster count
 F = Vault count percentage of total count
                 A         B        C        D         E       F
            +---------+---------+-------+---------+---------+-------
      Total |     484 |     875 |  64.4 |      65 |       6 |   8.5
            +---------+---------+-------+---------+---------+-------
        D:1 |      23 |       4 |  14.8 |      15 |       3 |  16.7
        D:2 |      37 |       0 |   0.0 |      11 |       0 |   0.0
        D:3 |      39 |       0 |   0.0 |      15 |       0 |   0.0
        D:4 |     370 |     663 |  64.2 |      22 |       1 |   4.3
        D:5 |      15 |     208 |  93.3 |       2 |       2 |  50.0
            +---------+---------+-------+---------+---------+-------
